Map: Thunderbird LE

Players

Semper - Winner!

  • Race: Terran Terran
  • Spawn Location: 5:00

penny

  • Race: Protoss Protoss
  • Spawn Location: 11:00

VOD

Have the link to the VOD?

Description

Time

  • Played on: Sept. 6, 2019, 3:05 p.m.
  • Length: 3:24
Show
View Real Time Build Order
Export as new Build Order

Semper Terran - Winner!

Build Orders: Reaper Expand 

Get SALT Encoding   

  12  0:00  SCV  
  13  0:13  SCV  
  14  0:17  Supply Depot  
  14  0:25  SCV  
  15  0:38  SCV  
  15  0:39  Barracks  
  16  0:43  Refinery  
  16  0:50  SCV  
  17  1:03  SCV  
  18  1:15  SCV  
  19  1:27  Orbital Command, Reaper  
  20  1:44  Command Center  
  20  1:53  SCV  
  21  1:55  Supply Depot  
  21  1:59  Marine  
  23  2:08  SCV  
  23  2:11  Factory  
  23  2:20  Bunker, SCV  
  24  2:24  Barracks Reactor  
  24  2:29  Refinery  
  24  2:32  SCV  
  25  2:44  SCV  
  26  2:55  Bunker  
  26  2:56  SCV  
  29  2:58  Hellion  
  29  3:02  Starport  
  29  3:03  Marine  
  29  3:04  Marine  
Show
View Real Time Build Order
Export as new Build Order

penny Protoss 

Build Orders:  

Get SALT Encoding   

  12  0:00  Probe  
  13  0:13  Probe  
  14  0:18  Pylon  
  14  0:23  Probe  
  15  0:32  Probe  
  15  0:40  Gateway, Probe  
  17  0:51  Probe  
  17  0:53  Assimilator  
  18  0:59  Assimilator  
  18  1:03  Probe  
  19  1:15  Probe  
  20  1:27  Cybernetics Core  
  20  1:34  Probe  
  20  1:35  Zealot  
  23  1:55  Pylon  
  23  2:12  Stalker  
  23  2:13  Probe, Robotics Facility  
  23  2:14  Robotics Facility  
  26  2:28  Probe  
  27  2:31  Pylon  
  27  2:34  Pylon  
  26  2:50  Stalker  
  30  3:08  Probe  
Tags
 
Add a new tag
Caveats
  • Supply blocks, unpowered buildings, or Contaminate may cause inaccurate times.
  • Supply counts are checked every 10 seconds.